AoeStats
← maltax3

Arena

510017621Analyzed
3v3 RM · 2d ago on Sep 29, 2026· 68m 41s· 6 players
Game mode
Random Map
Map size
Normal (6 player)
Population
200
Speed
Normal
Resources
Standard
Victory
Conquest
Starting age
Dark Age
Ending age
Imperial Age
RankedLock teamsTeams togetherTeam positionsShared explorationLock speedFull tech treeHidden civsTurbo modeCheats
Victory
Defeat
🇪🇸 Saracens · Spain
1058
+14
🇲🇽 Byzantines · Mexico
1045
+14
🇨🇴 Varangians · Colombia
1036
+15
🇨🇱 Mapuche · Chile
1039
-16
🇨🇱 Celts · Chile
1005
-14
🇦🇷 Vietnamese · Argentina
982
-13
Keikz
5:24 Loom
11:55 Feudal Age
16:42 Castle Age
15:25 Horse Collar
16:22 Double-Bit Axe
17:11 Crossbowman
18:42 Stone Mining
19:18 Fletching
19:28 Padded Archer Armor
21:11 Heavy Plow
22:38 Thumb Ring
23:41 Wheelbarrow
24:02 Gold Mining
28:09 Stone Shaft Mining
27:40 Bodkin Arrow
28:01 Leather Archer Armor
32:15 Imperial Age
30:41 Ballistics
30:56 Squires
34:01 Chemistry
33:03 Bracer
33:34 Ring Archer Armor
32:31 Arbalester
36:00 Bow Saw
37:01 Town Watch
37:34 Hand Cart
46:32 Siege Engineers
49:14 Fortified Wall
51:39 Crop Rotation
51:57 Bloodlines
51:49 Husbandry
51:41 Elite Battle Elephant
52:28 Chatras
53:06 Forging
53:02 Scale Barding Armor
56:56 Iron Casting
56:43 Chain Barding Armor
58:27 Paper Money
61:07 Two-Man Saw
63:18 Heavy Cavalry Archer
65:30 Elite Skirmisher
maltax3
10:17 Feudal Age
10:59 Double-Bit Axe
10:56 Horse Collar
17:59 Castle Age
16:51 Gold Mining
18:20 Pikeman
18:46 Gambesons
19:36 Bow Saw
19:29 Heavy Plow
19:38 Arson
31:51 Imperial Age
31:43 Wheelbarrow
30:54 Loom
34:42 Forging
34:37 Scale Barding Armor
34:34 Scale Mail Armor
34:33 Capped Ram
34:46 Halberdier
40:49 Siege Ram
47:12 Iron Casting
46:52 Chain Mail Armor
49:34 Blast Furnace
51:21 Onager
52:27 Furor Celtica
56:37 Heavy Scorpion
60:13 Siege Engineers
61:45 Chemistry
68:16 Plate Mail Armor
Hinokami
8:12 Loom
10:05 Feudal Age
11:07 Double-Bit Axe
11:04 Horse Collar
17:53 Castle Age
17:09 Wheelbarrow
17:02 Fletching
17:23 Town Watch
17:31 Gold Mining
17:48 Stone Mining
19:01 Bow Saw
20:07 Bodkin Arrow
25:09 Heavy Plow
26:39 Malon
27:35 Padded Archer Armor
28:27 Ballistics
32:17 Imperial Age
30:45 Leather Archer Armor
32:30 Hand Cart
34:49 Elite Bolas Rider
37:44 Chemistry
38:28 Conscription
37:42 Elite Skirmisher
37:52 Pikeman
38:18 Arson
39:50 Ring Archer Armor
40:26 Hoardings
39:19 Imperial Skirmisher
40:28 Scale Mail Armor
42:40 Halberdier
44:15 Chain Mail Armor
46:32 Plate Mail Armor
WERO84
10:05 Feudal Age
10:47 Double-Bit Axe
11:51 Loom
17:43 Castle Age
16:37 Horse Collar
19:42 Stone Mining
19:47 Gold Mining
24:21 Wheelbarrow
24:07 Heavy Plow
25:21 Scale Mail Armor
31:10 Imperial Age
29:47 Scale Barding Armor
29:53 Forging
30:48 Bow Saw
31:03 Chain Barding Armor
32:24 Iron Casting
31:18 Elite Skirmisher
32:46 Crop Rotation
32:56 Gold Shaft Mining
33:19 Caravan
35:12 Fletching
35:22 Padded Archer Armor
37:10 Logistica
38:54 Chain Mail Armor
39:15 Plate Barding Armor
38:39 Bodkin Arrow
39:00 Leather Archer Armor
40:34 Ballistics
41:15 Chemistry
40:29 Fortified Wall
40:10 Elite Cataphract
41:26 Bracer
46:31 Ring Archer Armor
Ragnarök
11:19 Feudal Age
11:30 Loom
16:18 Castle Age
14:07 Double-Bit Axe
17:44 Loom
19:02 Loom
20:36 Bow Saw
20:09 Horse Collar
21:26 Forging
21:32 Gold Mining
22:00 Scale Barding Armor
25:04 Imperial Age
24:25 Iron Casting
25:27 Bloodlines
30:15 Blast Furnace
30:00 Conscription
30:39 Chain Barding Armor
34:13 Plate Barding Armor
36:19 Wheelbarrow
37:10 Elite Jarl
37:55 Husbandry
40:21 Fletching
42:46 Heavy Plow
46:34 Hand Cart
46:09 Town Watch
51:41 Elite Skirmisher
57:06 Masonry
58:17 Architecture
68:33 Crop Rotation
ramis7_7
10:29 Feudal Age
14:21 Castle Age
12:17 Double-Bit Axe
12:41 Horse Collar
16:20 Heavy Plow
16:32 Bow Saw
19:18 Loom
23:29 Wheelbarrow
23:00 Fletching
23:14 Stone Mining
23:15 Gold Mining
24:16 Forging
26:05 Hand Cart
26:56 Scale Barding Armor
28:17 Iron Casting
28:08 Masonry
28:53 Bloodlines
28:44 Husbandry
30:26 Chain Barding Armor
33:29 Imperial Age
31:09 Bodkin Arrow
33:32 Gold Shaft Mining
33:22 Ballistics
32:58 Murder Holes
33:25 Devotion
33:29 Town Watch
34:40 Conscription
34:58 Plate Barding Armor
35:24 Blast Furnace
35:13 Counterweights
34:27 Heavy Camel Rider
35:48 Town Patrol
36:30 Hoardings
36:50 Counterweights
37:03 Bracer
40:47 Two-Man Saw
43:18 Caravan
44:49 Chemistry
43:54 Siege Engineers
44:53 Chemistry
44:59 Light Cavalry
46:11 Hussar
47:36 Fortified Wall
50:32 Elite Mameluke
58:51 Padded Archer Armor
Connection lost

Rejoining the realm…

Still unreachable

The connection could not be restored.

Session expired

The server has moved on; the page needs a fresh start.